[Event "Titled Tuesday Blitz July 18 Early 2023"]
[White "Morefield, Jason"]
[Black "Kashlinskaya, Alina"]
[WhiteFideId "30920825"]
[BlackFideId "4198026"]
[WhiteElo "2764"]
[BlackElo "2610"]
[Result "1-0"]
[Round "9"]
[TimeControl "180+2"]
[Date "2023.07.18"]
[WhiteClock "0:00:19"]
[BlackClock "0:00:09"]
[Board "29"]

1. e4 c6 2. Nf3 d5 3. Nc3 Bg4 4. h3 Bxf3 5. Qxf3 Nf6 6. Be2 e6 7. O-O Nbd7 8. d4 dxe4 9. Nxe4 Nxe4 10. Qxe4 Nf6 11. Qd3 h6 12. Rd1 Bd6 13. Qf3 O-O 14. a4 a5 15. g3 Qe7 16. Kg2 e5 17. dxe5 Bxe5 18. Ra3 Rad8 19. Rad3 Rxd3 20. Bxd3 Rd8 21. Re1 Qd6 22. Qf5 Qd5+ 23. Kg1 Bd4 24. Qxd5 Nxd5 25. c3 Bb6 26. Bc2 Kf8 27. Kg2 Bc5 28. h4 h5 29. Bg5 Be7 30. Bc1 Bc5 31. Bd1 b5 32. axb5 cxb5 33. Bxh5 a4 34. Bf3 Nb6 35. Bc6 b4 36. cxb4 Bxb4 37. Re4 Rc8 38. Bb5 Nd5 39. Bxa4 f5 40. Rd4 Rxc1 41. Rxd5 g6 42. h5 Kg7 43. hxg6 Kxg6 44. Be8+ Kf6 45. Bd7 Rc5 46. Rxc5 Bxc5 47. f3 Kg5 48. Kf1 Bd6 49. g4 fxg4 50. fxg4 Kf6 51. Ke2 Be7 52. Kd3 Ke5 53. Kc4 Kd6 54. Bf5 Bg5 55. b4 Bd2 56. b5 Be3 57. Kd3 Bg5 58. Ke2 Kc5 59. Bd3 Kd6 60. Kf3 Bd2 61. Ke4 Ke6 62. Bc4+ Kf6 63. Kd5 1-0


[Site "https://www.chess.com"]

[Event "Titled Tuesday Blitz July 18 Early 2023"]
[White "NovoselovRoman"]
[Black "Weetik, Vjacheslav"]
[BlackFideId "4153472"]
[WhiteElo "2591"]
[BlackElo "2758"]
[Result "0-1"]
[Round "9"]
[TimeControl "180+2"]
[Date "2023.07.18"]
[WhiteClock "0:00:07"]
[BlackClock "0:00:08"]
[Board "30"]

1. e4 c6 2. d4 d5 3. Nc3 dxe4 4. Nxe4 Bf5 5. Ng3 Bg6 6. Nh3 e6 7. Nf4 Bd6 8. c3 Nf6 9. h4 Bxf4 10. Bxf4 h6 11. h5 Bh7 12. Bd3 Bxd3 13. Qxd3 Nbd7 14. Bd6 Nb6 15. Ba3 Qd5 16. f3 Nc4 17. Bc5 Nd7 18. Ne4 Nxc5 19. Nxc5 O-O-O 20. O-O-O Nd6 21. b3 Qg5+ 22. Rd2 Nb5 23. Ne4 Qe7 24. a4 Qa3+ 25. Rb2 Nc7 26. Kb1 e5 27. Qc4 exd4 28. Nc5 b5 29. axb5 cxb5 30. Qb4 Qxb4 31. cxb4 Nd5 32. Rc1 Kb8 33. Nd3 Nc3+ 34. Kc2 Rhe8 35. Re1 Rxe1 36. Nxe1 Re8 37. Kd3 Nd5 38. Nc2 Nf4+ 39. Kxd4 Re2 40. g3 Nxh5 41. Kd3 Nxg3 42. Rb1 Re7 43. Nd4 Rd7 44. Kc3 a6 45. Ra1 Kb7 46. Re1 Nh5 47. Re8 Nf6 48. Rf8 Nd5+ 49. Kb2 Nxb4 50. Nf5 f6 51. Rg8 Nd3+ 52. Kc2 Ne1+ 53. Kc3 Nxf3 54. Nxg7 a5 55. Ne6 Rd6 56. Nc5+ Kc6 57. Ne4 Re6 58. Ng3 Ng5 59. Nf5 b4+ 60. Kc4 Re4+ 61. Nd4+ Kb6 62. Rb8+ Kc7 63. Rf8 Rxd4+ 64. Kb5 Rd5+ 65. Ka6 Rf5 66. Rg8 h5 67. Rh8 Kd6 68. Kb6 Ke6 69. Rxh5 Rd5 70. Rh6 Kf5 71. Kc6 Re5 72. Kb6 Ne4 73. Rh5+ Ke6 74. Rh1 Nd2 75. Rh6 Nxb3 76. Kc6 Nd4+ 77. Kb6 b3 78. Rh2 Rb5+ 79. Ka7 b2 80. Re2+ Nxe2 81. Ka6 b1=Q 82. Ka7 Rb8 83. Ka6 Qb6# 0-1


[Site "https://www.chess.com"]

[Event "Titled Tuesday Blitz July 18 Early 2023"]
[White "Leiva, Gianmarco"]
[Black "Moskvin, Anatoly"]
[WhiteFideId "3804399"]
[BlackFideId "24199990"]
[WhiteElo "2741"]
[BlackElo "2579"]
[Result "1-0"]
[Round "9"]
[TimeControl "180+2"]
[Date "2023.07.18"]
[WhiteClock "0:01:25"]
[BlackClock "0:00:09"]
[Board "31"]

1. e4 e5 2. Nf3 Nc6 3. Bc4 Nf6 4. d3 Bc5 5. O-O d6 6. c3 Bb6 7. Bb3 Ne7 8. Re1 Ng6 9. Nbd2 c6 10. Nf1 h6 11. Ng3 Nh7 12. d4 O-O 13. Be3 Bc7 14. Qd2 Bg4 15. dxe5 dxe5 16. Qxd8 Rfxd8 17. Nd2 Nf4 18. f3 Be6 19. Bxe6 fxe6 20. Ngf1 b5 21. Nb3 Nd3 22. Re2 Bb6 23. Rd1 c5 24. Red2 c4 25. Bxb6 axb6 26. Nc1 Rxa2 27. Nxa2 1-0


[Site "https://www.chess.com"]

[Event "Titled Tuesday Blitz July 18 Early 2023"]
[White "Hajiyev, Kanan"]
[Black "Ashraf, Artin"]
[WhiteFideId "13404148"]
[BlackFideId "22514805"]
[WhiteElo "2569"]
[BlackElo "2736"]
[Result "1-0"]
[Round "9"]
[TimeControl "180+2"]
[Date "2023.07.18"]
[WhiteClock "0:00:06"]
[BlackClock "0:00:01"]
[Board "32"]

1. d4 b6 2. Nf3 Bb7 3. g3 e6 4. Bg2 c5 5. Nh4 Bxg2 6. Nxg2 cxd4 7. Qxd4 Nc6 8. Qh4 Be7 9. Qg4 h5 10. Qa4 h4 11. gxh4 Nf6 12. Bg5 a6 13. O-O b5 14. Qf4 Nd5 15. Qd2 Bxg5 16. Qxg5 Nd4 17. Qxg7 Nxe2+ 18. Kh1 Qf6 19. Qxf6 Nxf6 20. c3 Ne4 21. f3 N4g3+ 22. hxg3 Nxg3+ 23. Kg1 Nxf1 24. Kxf1 Ke7 25. a4 b4 26. cxb4 Rab8 27. b5 axb5 28. a5 b4 29. Nd2 b3 30. Ra3 Rhc8 31. Ne3 Rc1+ 32. Ke2 d5 33. Rxb3 Rxb3 34. Nxb3 Rc7 35. h5 Rb7 36. a6 Rb6 37. h6 Rxa6 38. Nc5 Ra8 39. b4 Rh8 40. Ng4 Kd6 41. f4 Ke7 42. b5 f5 43. Ne5 Rxh6 44. b6 Rh2+ 45. Kd3 Rb2 46. b7 Kd6 47. Ned7 Rb4 48. b8=Q+ Rxb8 49. Nxb8 Kxc5 50. Nd7+ Kd6 51. Ne5 Kc5 52. Nf3 Kc6 53. Kd4 Kd6 54. Ng5 Kd7 55. Ke5 Kc6 56. Nxe6 1-0


[Site "https://www.chess.com"]

[Event "Titled Tuesday Blitz July 18 Early 2023"]
[White "Vokhidov, Shamsiddin"]
[Black "Petrosian, Karlen"]
[WhiteFideId "14204223"]
[BlackFideId "4176146"]
[WhiteElo "2904"]
[BlackElo "2615"]
[Result "1-0"]
[Round "9"]
[TimeControl "180+2"]
[Date "2023.07.18"]
[WhiteClock "0:01:42"]
[BlackClock "0:00:27"]
[Board "33"]

1. d4 Nf6 2. c4 d6 3. Nc3 g6 4. e4 Bg7 5. h3 e5 6. Nf3 exd4 7. Nxd4 O-O 8. Bd3 Re8 9. O-O Nfd7 10. Be3 Ne5 11. Be2 Nbc6 12. Qd2 Nxd4 13. Bxd4 Nc6 14. Bxg7 Kxg7 15. f4 Qf6 16. Nd5 Qd4+ 17. Qxd4+ Nxd4 18. Bd3 Ne6 19. f5 Nc5 20. Nxc7 Bd7 21. Nxe8+ Rxe8 22. Bc2 Bc6 23. Rad1 Nxe4 24. Bxe4 Bxe4 25. fxg6 hxg6 26. Rxd6 Bc6 27. b4 a6 28. a3 Re3 29. Rdf6 Rxa3 30. Rxf7+ Kh6 31. R1f4 Rb3 32. Rh4+ Kg5 33. Rg4+ Kh6 34. Rf6 Be8 35. Rf8 Bd7 36. Rd4 Bc6 37. c5 Rb2 38. Rf2 Rb1+ 39. Kh2 Kg7 40. Kg3 Rb3+ 41. Kf4 Rb1 42. Kg5 Re1 43. h4 a5 44. bxa5 Re5+ 45. Kg4 Rxc5 46. Ra2 Bb5 47. Kg3 Rc3+ 48. Kh2 Kf6 49. Rd6+ Kf5 50. Rd5+ 1-0


[Site "https://www.chess.com"]

[Event "Titled Tuesday Blitz July 18 Early 2023"]
[White "Sanchez Alvares, Kelvin Antonio"]
[Black "Gholami Orimi, Mahdi"]
[WhiteFideId "3906680"]
[BlackFideId "12558486"]
[WhiteElo "2613"]
[BlackElo "2901"]
[Result "1-0"]
[Round "9"]
[TimeControl "180+2"]
[Date "2023.07.18"]
[WhiteClock "0:01:29"]
[BlackClock "0:00:17"]
[Board "34"]

1. e4 g6 2. d4 Bg7 3. Nc3 d6 4. f4 a6 5. Bd3 Bxd4 6. Nf3 Bg7 7. O-O c5 8. e5 Nc6 9. exd6 Qxd6 10. Ne4 Qd8 11. Be3 b6 12. Bc4 Qxd1 13. Raxd1 Nh6 14. Bd5 Bb7 15. b4 Nf5 16. Bf2 e6 17. Bxc6+ Bxc6 18. Nd6+ Nxd6 19. Rxd6 Bb5 20. Rfd1 cxb4 21. Rxb6 O-O 22. Nd4 Bc4 23. Rxb4 Bxa2 24. Nc6 Kh8 25. Rd7 Bd5 26. Ne7 Rab8 27. Bc5 Rxb4 28. Bxb4 Ba8 29. Nxg6+ hxg6 30. Bxf8 Bxf8 31. Rd8 1-0


[Site "https://www.chess.com"]

[Event "Titled Tuesday Blitz July 18 Early 2023"]
[White "Baskakov, Egor"]
[Black "Al-Tarboush, Ward"]
[WhiteFideId "24197866"]
[BlackFideId "7601450"]
[WhiteElo "2857"]
[BlackElo "2600"]
[Result "1-0"]
[Round "9"]
[TimeControl "180+2"]
[Date "2023.07.18"]
[WhiteClock "0:01:33"]
[BlackClock "0:00:00"]
[Board "35"]

1. e4 c5 2. Nf3 e6 3. Be2 a6 4. c4 Nc6 5. Nc3 g6 6. d4 cxd4 7. Nxd4 Nge7 8. O-O Bg7 9. Be3 O-O 10. Qd2 b6 11. Rfd1 Bb7 12. Rac1 Rc8 13. b3 Qc7 14. Ncb5 axb5 15. cxb5 Bxd4 16. Bxd4 Nxd4 17. Rxc7 Nxe2+ 18. Qxe2 Rxc7 19. Qe3 Nc8 20. a4 d6 21. h4 Rc5 22. Rc1 Rxc1+ 23. Qxc1 Bxe4 24. b4 Ne7 25. Qc7 Nd5 26. Qxd6 Rc8 27. a5 Rc1+ 28. Kh2 Rc2 29. Kg3 Rc3+ 30. f3 Bf5 31. a6 1-0


[Site "https://www.chess.com"]

[Event "Titled Tuesday Blitz July 18 Early 2023"]
[White "Oro, Faustino"]
[Black "Leon Oquendo, Jorge"]
[WhiteFideId "20000197"]
[BlackFideId "3514803"]
[WhiteElo "2777"]
[BlackElo "2610"]
[Result "1-0"]
[Round "9"]
[TimeControl "180+2"]
[Date "2023.07.18"]
[WhiteClock "0:00:06"]
[BlackClock "0:00:01"]
[Board "36"]

1. e4 c5 2. Nf3 d6 3. c3 Nf6 4. Bd3 g6 5. h3 Bg7 6. O-O O-O 7. Bc2 Nc6 8. d4 cxd4 9. cxd4 Nb4 10. Nc3 Nxc2 11. Qxc2 Bd7 12. Bf4 Rc8 13. Qd2 b5 14. e5 b4 15. Ne2 Nd5 16. Bh6 Bb5 17. Bxg7 Kxg7 18. Rfe1 Bxe2 19. Rxe2 Rc4 20. Rae1 Qc7 21. Qg5 h6 22. Qg3 Rd8 23. Nh4 dxe5 24. Rxe5 Rc1 25. Rxc1 Qxc1+ 26. Kh2 e6 27. Re2 Qf4 28. Nf3 Qxg3+ 29. Kxg3 Rc8 30. Ne5 Rc1 31. f3 a5 32. a3 b3 33. Nd3 g5 34. Kf2 a4 35. Rd2 Rc4 36. Nc5 h5 37. g3 Rc2 38. Ke1 Rc1+ 39. Ke2 Rh1 40. Nxa4 Rxh3 41. Nc5 Rxg3 42. Kf2 h4 43. Ne4 Rh3 44. Nxg5 Rh2+ 45. Ke1 Rxd2 46. Kxd2 Kg6 47. Nh3 Kf5 48. a4 Nf4 49. Nf2 h3 50. a5 h2 51. a6 Nd5 52. a7 Nb6 53. Ke3 f6 54. Nh1 Kg5 55. Kf2 Kf4 56. Ng3 Na8 57. Ne2+ Kf5 58. Kg2 e5 59. d5 Kg6 60. Kxh2 Kf7 61. Nc1 Ke7 62. Nxb3 Kd6 63. Nd2 Kxd5 64. Kg3 f5 65. Nb1 Kd4 66. Nc3 Kd3 67. Nd5 Kc2 68. b4 Kd3 69. b5 e4 70. fxe4 fxe4 71. b6 e3 72. b7 e2 73. Nf4+ Ke3 74. Nxe2 1-0


[Site "https://www.chess.com"]

[Event "Titled Tuesday Blitz July 18 Early 2023"]
[White "Wagner, Dennis"]
[Black "Colas, Joshua"]
[WhiteFideId "24650684"]
[BlackFideId "2044447"]
[WhiteElo "2769"]
[BlackElo "2596"]
[Result "1-0"]
[Round "9"]
[TimeControl "180+2"]
[Date "2023.07.18"]
[WhiteClock "0:00:10"]
[BlackClock "0:00:00"]
[Board "37"]

1. d4 d5 2. Nf3 Nf6 3. c4 e6 4. g3 Be7 5. Bg2 O-O 6. O-O dxc4 7. Qa4 a6 8. Qxc4 b5 9. Qc2 Bb7 10. Bg5 Nbd7 11. Bxf6 Nxf6 12. Nbd2 Rc8 13. Nb3 Be4 14. Qc3 Nd5 15. Qc1 c5 16. dxc5 a5 17. c6 Qb6 18. Ne5 Bxg2 19. Kxg2 Rfd8 20. Rd1 f6 21. Nf3 Rxc6 22. Qb1 Rcd6 23. Nbd4 Nc7 24. Qc2 a4 25. Rac1 Na6 26. Nc6 Rxd1 27. Nxe7+ Kf7 28. Rxd1 Rxd1 29. Qxd1 Kxe7 30. Qc2 Kf7 31. Qxh7 Nb4 32. a3 Nd5 33. h4 Ne7 34. h5 Nf5 35. Qg6+ Kf8 36. g4 Nh6 37. g5 Ng4 38. e3 Qc6 39. gxf6 Nxf6 40. h6 Nd7 41. Qxg7+ Ke8 42. h7 1-0


[Site "https://www.chess.com"]

[Event "Titled Tuesday Blitz July 18 Early 2023"]
[White "Parpiev, Isaak"]
[Black "Krzyzanowski, Marcin"]
[WhiteFideId "34281576"]
[BlackFideId "1132199"]
[WhiteElo "2588"]
[BlackElo "2759"]
[Result "0-1"]
[Round "9"]
[TimeControl "180+2"]
[Date "2023.07.18"]
[WhiteClock "0:00:02"]
[BlackClock "0:00:06"]
[Board "38"]

1. d4 Nf6 2. c4 d6 3. Nc3 e5 4. d5 Be7 5. e4 a5 6. Be2 Na6 7. Nf3 Nc5 8. Qc2 O-O 9. b3 Bd7 10. O-O h6 11. Be3 b6 12. h3 Nh7 13. a3 a4 14. Bxc5 axb3 15. Qxb3 bxc5 16. a4 Ra5 17. Nb5 f5 18. exf5 Bxf5 19. Nd2 Ng5 20. Qc3 Ra6 21. a5 Qd7 22. Ra3 Bf6 23. h4 Ne4 24. Nxe4 Bxe4 25. g3 Rfa8 26. Qe3 Bf5 27. Rfa1 e4 28. R1a2 Be5 29. Bf1 Re8 30. Bg2 Bf6 31. Qe2 Bg4 32. Qe1 g5 33. Re3 gxh4 34. gxh4 Bxh4 35. Rxe4 Raa8 36. Ra3 Rxe4 37. Qxe4 Re8 38. Qf4 Bg5 39. Qg3 Qf5 40. Nxc7 Re1+ 41. Bf1 Be2 42. Qg2 Rxf1+ 43. Qxf1 Bxf1 44. Kxf1 Qb1+ 45. Kg2 Qe4+ 46. Kg1 Qxc4 47. Ra1 Qd4 48. Ra2 Qg4+ 49. Kf1 Qc4+ 50. Ke1 Qxa2 51. a6 0-1


[Site "https://www.chess.com"]

[Event "Titled Tuesday Blitz July 18 Early 2023"]
[White "Nazari, Arad"]
[Black "Pinero Rodriguez, Carlos Jose"]
[WhiteFideId "12577324"]
[BlackFideId "3901726"]
[WhiteElo "2744"]
[BlackElo "2590"]
[Result "0-1"]
[Round "9"]
[TimeControl "180+2"]
[Date "2023.07.18"]
[WhiteClock "0:00:00"]
[BlackClock "0:00:39"]
[Board "39"]

1. e4 c5 2. Nf3 e6 3. d4 cxd4 4. Nxd4 a6 5. Bd3 Qc7 6. O-O Nf6 7. Qe2 h5 8. e5 Ng4 9. Bf4 Bc5 10. Nf3 f5 11. h3 Nc6 12. hxg4 hxg4 13. Nh2 b5 14. Nxg4 Nd4 15. Qd1 Bb7 16. c3 Nc6 17. Ne3 g5 18. Bg3 Nxe5 19. Nxf5 Qc6 20. Nd6+ Qxd6 21. Bg6+ Ke7 22. Qxd6+ Bxd6 23. Bc2 Rh6 0-1


[Site "https://www.chess.com"]

[Event "Titled Tuesday Blitz July 18 Early 2023"]
[White "Fonseca Manrique, Enrique"]
[Black "Xu, Yi"]
[WhiteFideId "5114330"]
[BlackFideId "8605564"]
[WhiteElo "2586"]
[BlackElo "2736"]
[Result "0-1"]
[Round "9"]
[TimeControl "180+2"]
[Date "2023.07.18"]
[WhiteClock "0:00:04"]
[BlackClock "0:00:22"]
[Board "40"]

1. e4 c5 2. Nf3 d6 3. d4 cxd4 4. Nxd4 Nf6 5. Nc3 a6 6. Bg5 e6 7. f4 Qb6 8. Qd3 Qxb2 9. Rb1 Qa3 10. f5 Nc6 11. fxe6 fxe6 12. Nxc6 bxc6 13. Be2 Qa5 14. Bxf6 gxf6 15. O-O Be7 16. Qh3 O-O 17. Rf3 Kh8 18. Rg3 Ra7 19. Qh6 Rg8 20. Rxg8+ Kxg8 21. Rb3 Rb7 22. Nd5 Qe1+ 23. Bf1 cxd5 24. Rg3+ Kf7 25. Qh5+ Kf8 26. Qxh7 Ke8 27. exd5 Kd7 28. Rg7 Qe3+ 29. Kh1 exd5 30. g3 Rb1 31. Kg2 Bb7 32. Bd3 d4+ 33. Kh3 Rb5 34. Bf5+ Rxf5 35. Qxf5+ Qe6 36. g4 Qxf5 37. gxf5 Be4 38. Kg4 Bxc2 39. h4 d3 40. Kf3 d2 0-1


[Site "https://www.chess.com"]

[Event "Titled Tuesday Blitz July 18 Early 2023"]
[White "Mikhailovsky, Vladimir"]
[Black "Bodnaruk, Anastasia"]
[WhiteFideId "34105414"]
[BlackFideId "4181751"]
[WhiteElo "2732"]
[BlackElo "2585"]
[Result "1-0"]
[Round "9"]
[TimeControl "180+2"]
[Date "2023.07.18"]
[WhiteClock "0:00:05"]
[BlackClock "0:00:01"]
[Board "41"]

1. e4 c5 2. Nf3 d6 3. d4 cxd4 4. Nxd4 Nf6 5. Nc3 a6 6. Rg1 e5 7. Nb3 h5 8. h3 Be6 9. Bg5 Nbd7 10. Qd2 Be7 11. O-O-O b5 12. a3 Rc8 13. f3 Bc4 14. h4 a5 15. Kb1 Qb6 16. Bxc4 bxc4 17. Nc1 Rb8 18. b3 Qb7 19. Ka2 O-O 20. Nd5 Nxd5 21. Qxd5 Qxd5 22. Rxd5 f6 23. Be3 Rfc8 24. Kb2 cxb3 25. cxb3 a4 26. b4 Rc4 27. Na2 Rbc8 28. Rc1 Rxc1 29. Nxc1 f5 30. exf5 e4 31. fxe4 Nf6 32. Ra5 Nxe4 33. Bd4 Rc4 34. Ne2 Ng3 35. Nxg3 Rxd4 36. Rxa4 Rd2+ 37. Kc3 Rxg2 38. Ne4 d5 39. Ra8+ Kf7 40. Ng5+ Bxg5 41. hxg5 Rxg5 42. b5 Rg3+ 43. Kb4 Rg1 44. Kc5 Kf6 45. b6 Rb1 46. Kc6 Kxf5 47. b7 h4 48. b8=Q Rxb8 49. Rxb8 g5 50. a4 h3 51. a5 g4 52. a6 h2 53. Rh8 g3 54. a7 g2 55. a8=Q h1=Q 56. Qf8+ Ke4 57. Qb4+ Ke5 58. Re8+ Kf5 59. Qf8+ Kg6 60. Re6+ Kg5 61. Qf6+ Kg4 62. Qg6+ Kf4 63. Rf6+ Ke3 64. Qg5+ Kd4 65. Qxd5+ Kc3 66. Rf3+ Kc2 67. Qb3+ Kd2 68. Qc3+ Ke2 69. Re3+ Kf2 70. Qd2+ Kf1 71. Re1# 1-0


[Site "https://www.chess.com"]

[Event "Titled Tuesday Blitz July 18 Early 2023"]
[White "Sargsyan, Anna M."]
[Black "Dehtiarov, Roman"]
[WhiteFideId "13308130"]
[BlackFideId "14186640"]
[WhiteElo "2584"]
[BlackElo "2730"]
[Result "0-1"]
[Round "9"]
[TimeControl "180+2"]
[Date "2023.07.18"]
[WhiteClock "0:00:24"]
[BlackClock "0:00:09"]
[Board "42"]

1. e4 e5 2. Nf3 Nc6 3. Bc4 Bc5 4. c3 Nf6 5. d3 d6 6. O-O h6 7. Re1 a6 8. a4 Ba7 9. Nbd2 O-O 10. h3 Be6 11. Bxe6 fxe6 12. Nf1 Qe8 13. Be3 Nh5 14. Bxa7 Nxa7 15. g3 Qf7 16. Kg2 Nc6 17. Ne3 Qg6 18. Nh4 Rxf2+ 19. Kxf2 Qxg3+ 20. Ke2 Qxh4 21. Kd2 Nf4 22. Rf1 Qxh3 23. Qf3 Qxf3 24. Rxf3 Rf8 25. Rg1 Kh7 26. Ng2 Ne7 27. d4 Neg6 28. dxe5 dxe5 29. Ne3 Rd8+ 30. Kc2 Rf8 31. Rff1 Rf7 32. a5 Ne7 33. b4 Nc6 34. Ng4 h5 35. Ne3 Kh6 36. Rd1 g5 37. Rh1 Kg6 38. Rdg1 g4 39. Kb3 Kg5 40. Kc4 Ng6 41. Kd3 Rf3 42. Kd2 Rf2+ 43. Kd3 Nf4+ 44. Kc4 Re2 45. Rg3 Ne7 46. Kb3 Ng8 47. Rd1 Nf6 48. Nc4 Nxe4 49. Rgg1 h4 50. Nxe5 g3 51. Rd8 Nd2+ 52. Ka3 Rxe5 53. Rxd2 Re2 54. Rd8 Kg4 55. Rg8+ Kf3 56. Rf8 e5 57. Kb3 h3 58. Rg8 Rg2 59. Rf1+ Rf2 60. Re1 h2 61. Rh8 Kg2 62. Rxe5 h1=Q 63. Rxh1 Kxh1 64. Rg5 g2 65. Rg7 g1=Q 66. Rxg1+ Kxg1 67. Kc4 Rc2 68. Kd4 Ne2+ 0-1


[Site "https://www.chess.com"]

[Event "Titled Tuesday Blitz July 18 Early 2023"]
[White "Liyanage, Ranindu Dilshan"]
[Black "Zavgorodniy, Sergiy"]
[WhiteFideId "9915834"]
[BlackFideId "14110148"]
[WhiteElo "2700"]
[BlackElo "2582"]
[Result "0-1"]
[Round "9"]
[TimeControl "180+2"]
[Date "2023.07.18"]
[WhiteClock "0:00:19"]
[BlackClock "0:01:00"]
[Board "43"]

1. e4 e5 2. Nf3 d6 3. d4 exd4 4. Nxd4 Nf6 5. Nc3 Be7 6. Bf4 O-O 7. Qd2 Nc6 8. O-O-O Nxd4 9. Qxd4 Be6 10. f3 Nd7 11. Qd2 Nc5 12. g4 c6 13. a3 b5 14. Bxd6 Bxd6 15. Qxd6 Qb6 16. b4 Nb7 17. Qd4 c5 18. Qe3 Rfc8 19. Nxb5 a5 20. Rd6 Nxd6 21. Nxd6 Qxd6 22. b5 c4 23. Qc3 Qf4+ 24. Kb2 a4 25. Be2 Rab8 26. Rd1 Rxb5+ 27. Ka2 h6 28. h4 Rcb8 29. g5 hxg5 30. hxg5 Rxg5 31. Bf1 Qe5 32. Rd4 Rg1 33. Be2 Qxd4 34. Qxd4 c3+ 35. Bc4 Rb2# 0-1


[Site "https://www.chess.com"]

[Event "Titled Tuesday Blitz July 18 Early 2023"]
[White "Guliev, Logman"]
[Black "Koshulyan, Egor A."]
[WhiteFideId "13400061"]
[BlackFideId "24237000"]
[WhiteElo "2581"]
[BlackElo "2689"]
[Result "0-1"]
[Round "9"]
[TimeControl "180+2"]
[Date "2023.07.18"]
[WhiteClock "0:00:00"]
[BlackClock "0:00:33"]
[Board "44"]

1. e4 c5 2. Nf3 Nc6 3. Bb5 g5 4. Bxc6 dxc6 5. h3 g4 6. hxg4 Bxg4 7. d3 Bg7 8. Nc3 e6 9. Be3 Qb6 10. Na4 Qa5+ 11. c3 b6 12. Qc2 Ne7 13. d4 Bxf3 14. gxf3 cxd4 15. Bd2 d3 16. Qb3 Qe5 17. Qb4 Ng6 18. O-O-O O-O-O 19. Rdg1 b5 20. Rg5 f5 21. exf5 exf5 22. Nc5 Bf8 23. Bf4 Qxf4+ 24. Qxf4 Nxf4 25. Rxf5 Bxc5 26. Rxf4 Bxf2 0-1


[Site "https://www.chess.com"]

[Event "Titled Tuesday Blitz July 18 Early 2023"]
[White "Siniauski, Artsiom"]
[Black "Dimitrov, Atanas"]
[WhiteFideId "13512269"]
[BlackFideId "2901315"]
[WhiteElo "2578"]
[BlackElo "2686"]
[Result "0-1"]
[Round "9"]
[TimeControl "180+2"]
[Date "2023.07.18"]
[WhiteClock "0:00:14"]
[BlackClock "0:00:11"]
[Board "45"]

1. e4 c5 2. Nf3 d6 3. Bb5+ Bd7 4. Bxd7+ Nxd7 5. d4 cxd4 6. Qxd4 Ngf6 7. c4 g6 8. Nc3 Bg7 9. O-O O-O 10. h3 a6 11. Qe3 Rc8 12. Nd2 Ne5 13. b3 Nc6 14. Bb2 Nd7 15. Rab1 Nc5 16. Rfd1 e6 17. Nf1 Qe7 18. Rd2 Rfd8 19. Nd1 Bxb2 20. Nxb2 b5 21. Rbd1 Rd7 22. a3 b4 23. a4 Rcd8 24. Rb1 Qf6 25. Nd3 Qd4 26. Nxc5 Qxe3 27. Nxe3 dxc5 28. Rxd7 Rxd7 29. Kf1 Rd3 30. Ke2 Rxb3 31. Rxb3 Nd4+ 32. Kd1 Nxb3 33. Ng4 Kg7 34. Ne5 Na5 35. Kc2 f6 36. Nd7 Nb7 37. e5 fxe5 38. Nxe5 Kf6 39. Ng4+ Kf5 40. Kd3 h5 41. Ne3+ Ke5 42. g3 g5 43. Ng2 Kf5 44. h4 gxh4 45. Nxh4+ Kg4 46. Ng6 Kf3 47. Kc2 Kxf2 48. Nf4 e5 49. Nxh5 e4 50. g4 Nd6 51. g5 e3 52. Nf4 Nf5 53. g6 e2 54. Nd3+ Kf1 55. Kd2 b3 56. a5 b2 57. Kc2 b1=Q+ 58. Kxb1 e1=Q+ 59. Nxe1 Kxe1 60. Kc2 Ke2 61. Kc3 Ke3 62. Kc2 Kd4 63. Kb3 Ng7 64. Ka4 Kxc4 65. Ka3 Kb5 66. Kb3 Kxa5 67. Kc4 Kb6 68. Kb3 a5 69. Kc3 Kb5 70. Kb3 a4+ 71. Ka3 c4 72. Ka2 Kb4 73. Kb2 c3+ 74. Kc2 a3 75. Kc1 Kb3 76. Kb1 c2+ 77. Ka1 c1=R# 0-1


[Site "https://www.chess.com"]

[Event "Titled Tuesday Blitz July 18 Early 2023"]
[White "musclemonster12"]
[Black "Nagare Kaivalya Sandip"]
[BlackFideId "25957929"]
[WhiteElo "2578"]
[BlackElo "2667"]
[Result "1-0"]
[Round "9"]
[TimeControl "180+2"]
[Date "2023.07.18"]
[WhiteClock "0:00:20"]
[BlackClock "0:00:00"]
[Board "46"]

1. c4 Nf6 2. Nc3 e6 3. Nf3 d5 4. e3 Be7 5. b3 O-O 6. Bb2 c5 7. cxd5 Nxd5 8. Be2 b6 9. O-O Bb7 10. d4 Nd7 11. Rc1 Rc8 12. Nxd5 Bxd5 13. Qd3 f5 14. Qa6 Bd6 15. Rfd1 g5 16. Ne5 f4 17. Nxd7 Qxd7 18. dxc5 fxe3 19. cxd6 exf2+ 20. Kf1 Rxc1 21. Rxc1 Qxd6 22. Qxa7 e5 23. Qc7 Bxg2+ 24. Kxg2 Qd5+ 25. Kg3 1-0


[Site "https://www.chess.com"]

[Event "Titled Tuesday Blitz July 18 Early 2023"]
[White "Shuvalova, Polina"]
[Black "Mogirzan, Matei-Valeriu"]
[WhiteFideId "24171760"]
[BlackFideId "1257455"]
[WhiteElo "2663"]
[BlackElo "2576"]
[Result "1-0"]
[Round "9"]
[TimeControl "180+2"]
[Date "2023.07.18"]
[WhiteClock "0:00:08"]
[BlackClock "0:00:00"]
[Board "47"]

1. f4 e5 2. fxe5 d6 3. exd6 Bxd6 4. Nf3 g5 5. d4 g4 6. Ne5 Nc6 7. Bf4 Qf6 8. Qd2 Nxe5 9. Bxe5 Bxe5 10. Qe3 Bf5 11. dxe5 Qe7 12. Nc3 Bxc2 13. g3 Qb4 14. Bg2 Qxb2 15. O-O Qb6 16. Qxb6 axb6 17. Nd5 Ra5 18. Rac1 c6 19. Nc7+ Kd8 20. Rxf7 Bg6 21. Ne6+ Ke8 22. Rxb7 Ne7 23. Rb8+ Kd7 24. Rxh8 Kxe6 25. Bxc6 Rxa2 26. Kf2 Kxe5 27. Bb7 Nf5 28. Rd8 Nd4 29. Rd5+ Ke4 30. Rg5+ Nc6 31. Bxc6+ Kd4 32. Rd5+ Ke4 33. Rd2+ 1-0


[Site "https://www.chess.com"]

[Event "Titled Tuesday Blitz July 18 Early 2023"]
[White "Frolyanov, Dmitry"]
[Black "Ovchinnikov, Vsevolod"]
[WhiteFideId "4151976"]
[BlackFideId "24176842"]
[WhiteElo "2616"]
[BlackElo "2652"]
[Result "1/2-1/2"]
[Round "9"]
[TimeControl "180+2"]
[Date "2023.07.18"]
[WhiteClock "0:00:56"]
[BlackClock "0:00:24"]
[Board "48"]

1. d4 Nf6 2. c4 g6 3. Nc3 d5 4. Nf3 Bg7 5. Bg5 Ne4 6. cxd5 Nxg5 7. Nxg5 e6 8. Nf3 exd5 9. e3 c6 10. Be2 O-O 11. O-O Qd6 12. Rc1 Re8 13. a3 Nd7 14. b4 a5 15. Qb3 axb4 16. axb4 b5 17. Bxb5 Rb8 18. Be2 Qxb4 19. Qxb4 Rxb4 20. Rb1 Bf8 21. Rxb4 Bxb4 22. Rc1 Bxc3 23. Rxc3 Bb7 24. g3 Rc8 25. Kg2 c5 26. Bb5 Bc6 27. Bxc6 Rxc6 28. dxc5 Rxc5 29. Rb3 Rc7 30. Rb5 Nf6 31. Ne5 Kg7 32. h3 h6 33. g4 Re7 34. Nd3 Rd7 35. Nf4 d4 36. exd4 Rxd4 1/2-1/2


[Site "https://www.chess.com"]

[Event "Titled Tuesday Blitz July 18 Early 2023"]
[White "benny_aizenberg"]
[Black "Portela Peleteiro, Alberto"]
[BlackFideId "22276106"]
[WhiteElo "2651"]
[BlackElo "2568"]
[Result "1-0"]
[Round "9"]
[TimeControl "180+2"]
[Date "2023.07.18"]
[WhiteClock "0:00:07"]
[BlackClock "0:00:12"]
[Board "49"]

1. g4 c5 2. g5 Nc6 3. h4 d5 4. Bg2 e5 5. d3 Be6 6. Nc3 Qd7 7. e4 Nge7 8. f4 g6 9. Nf3 Bg7 10. h5 gxh5 11. f5 Nxf5 12. exf5 Bxf5 13. Nh4 Bg4 14. Bf3 O-O-O 15. Bd2 e4 16. Bxg4 hxg4 17. O-O e3 18. Be1 h6 19. Nf5 Bd4 20. Kg2 Ne5 21. Bg3 Nf3 22. Rxf3 gxf3+ 23. Qxf3 hxg5 24. Nd6+ Kb8 25. Nxf7+ Ka8 26. Nxh8 Rxh8 27. Bh2 Qe6 28. Nxd5 Be5 29. Bxe5 Qxe5 30. Rh1 Rxh1 31. Qf8+ Qb8 32. Nc7# 1-0


[Site "https://www.chess.com"]

[Event "Titled Tuesday Blitz July 18 Early 2023"]
[White "Kuzhilniy, Oleksandr"]
[Black "robertoalejandro10"]
[WhiteFideId "34110500"]
[WhiteElo "2638"]
[BlackElo "2563"]
[Result "0-1"]
[Round "9"]
[TimeControl "180+2"]
[Date "2023.07.18"]
[WhiteClock "0:00:09"]
[BlackClock "0:00:20"]
[Board "50"]

1. b3 Nf6 2. Bb2 g6 3. c4 Bg7 4. Nf3 O-O 5. g3 b6 6. Bg2 Bb7 7. d4 e6 8. O-O Qe7 9. Qc2 Rd8 10. Nc3 d5 11. cxd5 Nxd5 12. Nxd5 Bxd5 13. Rac1 Na6 14. Rfd1 Rac8 15. e4 Bb7 16. h4 h5 17. Qe2 c5 18. dxc5 Nxc5 19. Rxd8+ Rxd8 20. Bxg7 Kxg7 21. e5 Qd7 22. Ng5 Bxg2 23. Kxg2 Qd5+ 24. Kh2 Rd7 25. Rc3 Nd3 26. f4 Nc5 27. Nf3 Qd1 28. Qxd1 Rxd1 29. Kg2 Ra1 30. Rc2 Nd3 31. Rd2 Nb4 32. a4 Nd5 33. Nd4 Rc1 34. Nb5 a6 35. Nd6 Rc3 36. Rb2 Ne3+ 37. Kf2 Nd1+ 38. Ke2 Nxb2 39. Kd2 Rxg3 0-1


[Site "https://www.chess.com"]